 Dungeon Crawl Stone Soup version 0.29-a0-557-g43b9904bd1 (webtiles) character file.

Game seed: 16682566551033040141

114 DocClef the Covert (level 4, -4/41 HPs)
             Began as a Gnoll Delver on June 8, 2022.
             Slain by an iguana (9 damage)
             ... on level 5 of the Dungeon.
             The game lasted 00:00:21 (106 turns).

DocClef the Covert (Gnoll Delver)                    Turns: 106, Time: 00:00:22

Health: -4/41      AC:  3    Str: 14    XL:     4   Next: 97%
Magic:  5/5        EV: 13    Int:  9    God:
Gold:   13         SH:  0    Dex: 13    Spells: 5/5 levels left

rFire   . . .      SeeInvis .   a - +0 short sword
rCold   . . .      Faith    .   (no shield)
rNeg    . . .      Spirit   .   b - +0 leather armour
rPois   .          Reflect  .   (no helmet)
rElec   .          Harm     .   (no cloak)
rCorr   .          Rampage  .   (no gloves)
Will    .....                   (no boots)
Stlth   ++++......              (no amulet)
HPRegen 0.13/turn               (no ring)
MPRegen 0.09/turn               (no ring)

@: no status effects
A: fangs 1, strong nose, distributed training
a: no special abilities


You were on level 5 of the Dungeon.
You visited 1 branch of the dungeon, and saw 2 of its levels.

You collected 13 gold pieces.

Inventory:

Hand Weapons
 a - a +0 short sword (weapon)
Armour
 b - a +0 leather armour (worn)
Wands
 g - a wand of digging (3)
Scrolls
 c - a scroll of fog
 d - a scroll of magic mapping
 e - a scroll of fear
Potions
 f - a potion of haste
 h - a potion of degeneration {unknown}
 i - a potion of attraction {unknown}


   Skills:
 + Level 6.6 Fighting
 + Level 4.7 Short Blades
 + Level 1.3 Long Blades
 + Level 1.3 Axes
 + Level 1.3 Maces & Flails
 + Level 1.3 Polearms
 + Level 1.3 Staves
 + Level 1.3 Slings
 + Level 1.3 Bows
 + Level 1.3 Crossbows
 + Level 1.3 Throwing
 + Level 1.3 Armour
 + Level 4.7 Dodging
 + Level 9.6 Stealth
 + Level 1.3 Shields
 + Level 1.3 Unarmed Combat
 + Level 1.3 Spellcasting
 + Level 1.0 Conjurations
 + Level 1.0 Hexes
 + Level 1.0 Summonings
 + Level 1.0 Necromancy
 + Level 1.0 Translocations
 + Level 1.0 Transmutations
 + Level 1.0 Fire Magic
 + Level 1.0 Ice Magic
 + Level 1.0 Air Magic
 + Level 1.0 Earth Magic
 + Level 1.0 Poison Magic
 + Level 1.4 Invocations
 + Level 1.3 Evocations


You had 5 spell levels left.
You didn't know any spells.
Your spell library was empty.

Dungeon Overview and Level Annotations

Branches:
Dungeon (6/15)
 Temple: D:4-7

Altars:


Innate Abilities, Weirdness & Mutations

You have very sharp teeth.
Your uncanny sense of smell can sniff out nearby items.
Your experience applies equally to all skills.


Message History

The adder is heavily wounded.
The adder bites you but does no damage.
You hit the adder.
You kill the adder!
The iguana completely misses you.
You hit the iguana but do no damage. The iguana closely misses you.
You barely miss the iguana. Your bite misses the iguana. The iguana bites you.
You hit the iguana but do no damage. The iguana bites you.
You hit the iguana.
The iguana is lightly wounded.
The iguana barely misses you.
You barely miss the iguana.
The iguana is lightly wounded.
The iguana closely misses you.
You barely miss the iguana.
The iguana is lightly wounded.
The iguana bites you.
You hit the iguana. You bite the iguana, but do no damage.
The iguana is moderately wounded.
You hit the iguana.
The iguana is heavily wounded.
The iguana misses you.
You hit the iguana but do no damage. Your bite misses the iguana.
The iguana is heavily wounded.
The iguana bites you!
* * * LOW HITPOINT WARNING * * *
You hit the iguana but do no damage. Your bite misses the iguana.
The iguana is heavily wounded.
The iguana bites you.
* * * LOW HITPOINT WARNING * * *
You hit the iguana but do no damage.
The iguana is heavily wounded.
The iguana misses you.
You barely miss the iguana.
The iguana is heavily wounded.
The iguana misses you.
You barely miss the iguana.
The iguana is heavily wounded.
The iguana bites you!
You die...

.. . ..... ...# .
#.#####.. ##.......
####......# ∆ ##
#.##......# .
###..#@#....##.## #.
#.....l.........# ..
###.............# .##
####....##...##.S.#..
#########.........
#..........
#..........
##...#.....
##.##.....


You could see an iguana.

Vanquished Creatures
  A bullfrog (D:6)
  A hound (D:6)
  An adder (D:5)
  A white imp (D:6)
4 creatures vanquished.

Notes
Turn   | Place    | Note
-------+----------+-------------------------------------------
     0 | D:5      | Reached skill level 9 in Stealth
     0 | D:5      | DocClef the Gnoll Delver began the quest for the Orb.
     0 | D:5      | Reached XP level 1. HP: 23/23 MP: 1/1
    13 | D:5      | Noticed an iguana
    25 | D:6      | Noticed a hound
    26 | D:6      | Noticed a bullfrog
    30 | D:6      | Killed a bullfrog
    31 | D:6      | Reached skill level 1 in Long Blades
    31 | D:6      | Reached skill level 1 in Axes
    31 | D:6      | Reached skill level 1 in Maces & Flails
    31 | D:6      | Reached skill level 1 in Polearms
    31 | D:6      | Reached skill level 1 in Staves
    31 | D:6      | Reached skill level 1 in Slings
    31 | D:6      | Reached skill level 1 in Bows
    31 | D:6      | Reached skill level 1 in Crossbows
    31 | D:6      | Reached skill level 1 in Throwing
    31 | D:6      | Reached skill level 1 in Armour
    31 | D:6      | Reached skill level 1 in Shields
    31 | D:6      | Reached skill level 1 in Unarmed Combat
    31 | D:6      | Reached skill level 1 in Spellcasting
    31 | D:6      | Reached skill level 1 in Invocations
    31 | D:6      | Reached skill level 1 in Evocations
    31 | D:6      | Reached XP level 2. HP: 29/29 MP: 1/3
    31 | D:6      | Reached XP level 3. HP: 35/35 MP: 1/4
    31 | D:6      | Reached XP level 4. HP: 41/41 MP: 1/5
    44 | D:6      | Reached skill level 1 in Conjurations
    44 | D:6      | Reached skill level 1 in Hexes
    44 | D:6      | Reached skill level 1 in Summonings
    44 | D:6      | Reached skill level 1 in Necromancy
    44 | D:6      | Reached skill level 1 in Translocations
    44 | D:6      | Reached skill level 1 in Transmutations
    44 | D:6      | Reached skill level 1 in Fire Magic
    44 | D:6      | Reached skill level 1 in Ice Magic
    44 | D:6      | Reached skill level 1 in Air Magic
    44 | D:6      | Reached skill level 1 in Earth Magic
    44 | D:6      | Reached skill level 1 in Poison Magic
   106 | D:5      | Slain by an iguana

Illustrated notes

Levels and vault maps discovered:
D:5:      layout_cave_pools, old_standard_altar,
          mainiacjoe_overflow_catwalk_spiral, uniq_pikel
D:6:      layout_cave_pools, minivault_19, kennysheep_generic_room_4

Skill      XL: |  1  2  3  4 |
---------------+-------------+-----
Stealth        | |  9.6
Long Blades    | 1 |  1.3
Axes           | 1 |  1.3
Maces & Flails | 1 |  1.3
Polearms       | 1 |  1.3
Staves         | 1 |  1.3
Slings         | 1 |  1.3
Bows           | 1 |  1.3
Crossbows      | 1 |  1.3
Throwing       | 1 |  1.3
Armour         | 1 |  1.3
Shields        | 1 |  1.3
Unarmed Combat | 1 |  1.3
Spellcasting   | 1 |  1.3
Invocations    | 1 |  1.4
Evocations     | 1 |  1.3
Conjurations   | 1 |  1.0
Hexes          | 1 |  1.0
Summonings     | 1 |  1.0
Necromancy     | 1 |  1.0
Translocations | 1 |  1.0
Transmutations | 1 |  1.0
Fire Magic     | 1 |  1.0
Ice Magic      | 1 |  1.0
Air Magic      | 1 |  1.0
Earth Magic    | 1 |  1.0
Poison Magic   | 1 |  1.0
Fighting       | |  6.6
Short Blades   | |  4.7
Dodging        | |  4.7

Action                   |  1- 3 |  4- 6 || total
-------------------------+-------+-------++-------
Melee: Short sword       |     1 |    33 ||    34
       Bite              |       |     2 ||     2
 Stab: Sleeping          |     1 |       ||     1
Armor: Leather armour    |       |     5 ||     5
Dodge: Dodged            |     1 |    26 ||    27

Table legend: (Time is in decaauts)
 A = Elapsed time spent in this place.
 B = Non-inter-level travel time spent in this place.
 C = Inter-level travel time spent in this place.
 D = Time resting spent in this place.
 E = Time spent auto-exploring this place.
 F = Levels seen in this place.
 G = Mean time per level.
                   A        B        C        D        E       F      G
               +--------+--------+--------+--------+--------+-----+--------+
         Total |    102 |    102 |      0 |     22 |     11 |   2 |   51.0 |
       Dungeon |    102 |    102 |      0 |     22 |     11 |   2 |   51.0 |
               +--------+--------+--------+--------+--------+-----+--------+

Top non-repeatable levels by time:
     D:6: 57 daAuts
     D:5: 44 daAuts
